AoeStats
← AiM | Facu1414

Arena

506517816Analyzed
4v4 RM · 17d ago on Sep 13, 2026· 44m 37s· 8 players
Game mode
Random Map
Map size
Large (8 player)
Population
200
Speed
Normal
Resources
Standard
Victory
Conquest
Starting age
Dark Age
Ending age
Imperial Age
RankedLock teamsTeams togetherTeam positionsShared explorationLock speedFull tech treeHidden civsTurbo modeCheats
Victory
Defeat
🇩🇪 Poles · Germany
1871
+7
🇦🇷 Italians · Argentina
1795
+10
🇦🇺 Vietnamese · Australia
1731
+12
1664
+15
🇲🇽 Persians · Mexico
1878
-19
🇨🇱 Malay · Chile
1598
-9
🇦🇷 Jurchens · Argentina
1565
-8
🇨🇱 Aztecs · Chile
1560
-8
Pez
11:01 Feudal Age
14:59 Castle Age
12:55 Horse Collar
13:37 Double-Bit Axe
16:09 Bow Saw
16:01 Heavy Plow
21:08 Wheelbarrow
22:17 Hand Cart
22:53 Stone Mining
22:53 Gold Mining
25:10 Stone Shaft Mining
27:43 Imperial Age
24:59 Loom
24:59 Town Watch
25:21 Scale Barding Armor
25:27 Forging
26:26 Chain Barding Armor
26:35 Bloodlines
26:25 Husbandry
28:10 Iron Casting
27:34 Treadmill Crane
28:19 Elite Battle Elephant
29:57 Plate Barding Armor
30:00 Light Cavalry
30:26 Capped Ram
35:21 Two-Man Saw
35:06 Chatras
34:58 Fletching
35:31 Ballistics
36:26 Coinage
36:11 Padded Archer Armor
37:26 Bodkin Arrow
38:17 Bracer
38:53 Scale Mail Armor
38:55 Squires
38:42 Arson
38:53 Elite Rattan Archer
40:36 Chemistry
40:15 Pikeman
41:11 Chain Mail Armor
42:30 Paper Money
42:32 Thumb Ring
42:35 Halberdier
43:31 Leather Archer Armor
43:47 Plate Mail Armor
45:39 Banking
种田人口才是基本盘
5:38 Loom
8:31 Feudal Age
9:07 Double-Bit Axe
13:50 Fletching
15:12 Horse Collar
23:24 Castle Age
21:43 Stone Mining
25:54 Wheelbarrow
31:36 Imperial Age
29:19 Gold Mining
30:03 Bodkin Arrow
31:17 Ballistics
31:38 Bow Saw
33:23 Chemistry
33:10 Murder Holes
34:48 Bracer
35:58 Eupseong
37:11 Heavy Plow
38:55 Fortified Wall
40:54 Masonry
45:34 Architecture
UA | NanitoCba
11:31 Feudal Age
12:47 Double-Bit Axe
12:43 Horse Collar
15:50 Castle Age
16:51 Bow Saw
17:17 Wheelbarrow
21:17 Town Watch
23:20 Hand Cart
28:06 Imperial Age
25:35 Fletching
26:25 Bodkin Arrow
26:31 Scale Mail Armor
26:49 Padded Archer Armor
26:52 Gold Mining
26:53 Stone Mining
27:21 Squires
27:46 Ballistics
28:31 Chain Mail Armor
28:26 Forging
28:55 Bracer
30:16 Leather Archer Armor
30:31 Plate Mail Armor
30:37 Iron Casting
31:30 Chemistry
30:43 Loom
31:30 Ring Archer Armor
32:20 Elite Genoese Crossbowman
33:21 Conscription
34:09 Stone Shaft Mining
33:40 Treadmill Crane
34:10 Masonry
35:57 Thumb Ring
37:11 Blast Furnace
37:54 Coinage
37:25 Caravan
37:36 Guilds
38:55 Hoardings
38:24 Arson
39:13 Pikeman
41:12 Fortified Wall
41:32 Architecture
43:24 Heavy Plow
[o.p.]Oliver_Khan
6:04 Loom
6:09 Loom
6:39 Loom
8:44 Feudal Age
9:45 Double-Bit Axe
10:40 Horse Collar
19:36 Castle Age
18:00 Gold Mining
19:30 Fletching
20:31 Heavy Plow
20:45 Bow Saw
20:48 Forging
21:04 Scale Barding Armor
20:30 Light Cavalry
22:11 Wheelbarrow
23:06 Bloodlines
23:57 Husbandry
27:50 Wheelbarrow
33:14 Imperial Age
33:02 Szlachta Privileges
33:18 Chain Barding Armor
34:05 Iron Casting
33:27 Cavalier
34:57 Crop Rotation
34:57 Conscription
36:16 Blast Furnace
36:16 Bodkin Arrow
40:39 Coinage
40:43 Hand Cart
40:19 Stone Mining
41:04 Caravan
42:11 Chemistry
Ux'LobodeLaNieve
9:01 Loom
10:47 Feudal Age
12:30 Double-Bit Axe
12:26 Horse Collar
17:34 Castle Age
15:53 Gold Mining
18:38 Bow Saw
21:47 Fletching
24:09 Wheelbarrow
25:08 Hand Cart
29:15 Imperial Age
26:31 Town Watch
27:24 Stone Mining
28:10 Gold Shaft Mining
27:35 Heavy Plow
27:31 Bodkin Arrow
27:39 Padded Archer Armor
28:23 Pikeman
29:03 Squires
28:46 Elite Skirmisher
29:42 Leather Archer Armor
30:39 Chemistry
30:00 Ballistics
31:04 Ring Archer Armor
31:04 Masonry
31:22 Scale Mail Armor
31:32 Forging
35:31 Chain Mail Armor
35:30 Halberdier
36:37 Arson
37:28 Iron Casting
38:13 Thumb Ring
42:19 Scale Barding Armor
43:15 Blast Furnace
42:46 Plate Mail Armor
43:38 Conscription
42:38 Elite War Elephant
44:04 Crop Rotation
44:34 Two-Man Saw
44:39 Chain Barding Armor
AiM | PoRRo
9:46 Feudal Age
9:21 Double-Bit Axe
9:34 Horse Collar
13:21 Wheelbarrow
14:38 Loom
17:28 Castle Age
24:55 Bow Saw
30:31 Imperial Age
29:12 Scale Barding Armor
29:12 Gold Mining
29:34 Forging
31:22 Heavy Plow
31:26 Husbandry
32:37 Elite Battle Elephant
35:35 Iron Casting
38:40 Blast Furnace
37:51 Pikeman
39:25 Hand Cart
41:00 Fletching
41:08 Crossbowman
41:46 Bodkin Arrow
41:51 Padded Archer Armor
42:14 Ballistics
42:55 Chemistry
41:51 Arbalester
42:34 Bracer
43:00 Murder Holes
42:34 Halberdier
44:41 Leather Archer Armor
AiM | Facu1414
10:48 Feudal Age
12:24 Double-Bit Axe
14:51 Castle Age
13:22 Horse Collar
14:56 Scale Barding Armor
15:54 Light Cavalry
18:51 Husbandry
19:52 Bow Saw
21:11 Bloodlines
21:36 Loom
22:26 Wheelbarrow
23:19 Chain Barding Armor
23:48 Forging
24:24 Heavy Plow
28:03 Hand Cart
28:29 Gold Mining
29:22 Iron Casting
34:07 Imperial Age
31:32 Fletching
33:25 Bodkin Arrow
33:31 Padded Archer Armor
35:29 Plate Barding Armor
35:33 Elite Skirmisher
37:22 Conscription
38:13 Bracer
39:14 Blast Furnace
AiM | Shuffle
10:07 Feudal Age
10:19 Loom
15:10 Castle Age
14:01 Double-Bit Axe
14:48 Gold Mining
21:49 Sanctity
22:36 Fervor
23:39 Horse Collar
24:25 Redemption
26:28 Devotion
31:22 Wheelbarrow
40:46 Imperial Age
Connection lost

Rejoining the realm…

Still unreachable

The connection could not be restored.

Session expired

The server has moved on; the page needs a fresh start.